 Dungeon Crawl Stone Soup version 0.31.0-11-ge490571c62 (webtiles) character file.

Game seed: 12771544184560473920

350 wildpjah the Covered (level 6, 0/53 HPs)
             Began as a Minotaur Fighter on Feb 9, 2024.
             Was an Elder of Cheibriados.
             Slain by an ogre
             ... wielding a +0 giant spiked club
              (9 damage)
             ... on level 5 of the Dungeon.
             The game lasted 00:04:15 (3347 turns).

wildpjah the Covered (Minotaur Fighter)             Turns: 3347, Time: 00:04:16

Health: 0/53       AC:  7    Str: 32    XL:     6   Next: 33%
Magic:  0/14       EV: 10    Int: 14    God:    Cheibriados [****..]
Gold:   151        SH:  6    Dex: 18    Spells: 5/5 levels left

rFire   . . .        a - +0 war axe
rCold   . . .        c - +0 buckler
rNeg    . . .        b - +0 scale mail
rPois   .            (helmet restricted)
rElec   .            (no cloak)
rCorr   .            (no gloves)
SInv    .            (no boots)
Will    .....        j - amulet of guardian spirit Stlth
                     t - ring of magical power
HPRegen 0.28/turn    (no ring)
MPRegen 0.14/turn

%: guardian spirit
@: very slow
A: horns 2, retaliatory headbutt
a: Renounce Religion, Bend Time, Temporal Distortion, Slouch


You were on level 5 of the Dungeon.
You worshipped Cheibriados.
Cheibriados was greatly pleased with you.
You visited 1 branch of the dungeon, and saw 5 of its levels.

You collected 151 gold pieces.

Inventory:

Hand Weapons
 a - a +0 war axe (weapon)
Missiles
 l - 2 boomerangs (quivered)
 s - 7 poisoned darts
 y - 2 throwing nets
Armour
 b - a +0 scale mail (worn)
 c - a +0 buckler (worn)
Jewellery
 j - an amulet of guardian spirit (around neck)
 t - a ring of magical power (left hand)
Scrolls
 e - a scroll of summoning {unknown}
 f - 2 scrolls of acquirement {unknown}
 h - a scroll of brand weapon {unknown}
 i - 2 scrolls of immolation {unknown}
 k - 2 scrolls of amnesia {unknown}
 m - a scroll of torment {unknown}
 p - a scroll of fog {unknown}
 v - 3 scrolls of identify {unknown}
 w - a scroll of silence {unknown}
Potions
 d - a potion of might
 g - a potion of magic {unknown}
 n - a potion of attraction {unknown}
 o - a potion of mutation {unknown}
 q - 3 potions of curing {unknown}
 r - a potion of cancellation {unknown}
 u - a potion of heal wounds {unknown}
 x - a potion of enlightenment {unknown}


   Skills:
 + Level 4.6 Fighting
 + Level 5.3 Axes
 + Level 0.2 Throwing
 + Level 5.3 Armour
 + Level 1.2 Dodging
 + Level 0.7 Stealth
 + Level 4.6 Shields


You had 5 spell levels left.
You didn't know any spells.
Your spell library contained the following spells:

 Spells                   Type           Power      Damage    Failure   Level
 Shock                    Conj/Air       0%         1d3       54%         1
 Ensorcelled Hibernation  Hex/Ice        0%         N/A       67%         2
 Hailstorm                Conj/Ice       0%         3d5       88%         3
 Passwall                 Erth           0%         N/A       88%         3
 Summon Ice Beast         Ice/Summ       0%         N/A       88%         3
 Swiftness                Air            0%         N/A       88%         3
 Airstrike                Air            0%         2d(0-16)  99%         4
 Sculpt Simulacrum        Ice/Alch       0%         N/A       100%        6


Dungeon Overview and Level Annotations

Branches:
Dungeon (5/15)
 Temple: D:4-7

Altars:
Cheibriados
Okawaru
The Shining One

Shops:
D:3 *

Annotations:
D:4 3 runed translucent doors, AutarchDCSS's ghost, amateur TrSh


Innate Abilities, Weirdness & Mutations

You have a pair of horns on your head.
You reflexively headbutt those who attack you in melee.


Message History

You enter the shallow water.
Moving in this stuff is going to be slow.
You see here a +3 falchion.
You open the door.
Found a stone staircase leading up.
There is an open door here.
v - 3 scrolls labelled IHA VAGUURINO (gained 1)
You open the door.
There is an open door here.
You pick up a book of Air and begin reading...
You add the spells Shock and Airstrike to your library.
You open the door.
An ogre comes into view. It is wielding a +0 giant spiked club.
Found 15 gold pieces.
There is an open door here.
The ogre barely misses you. You furiously retaliate!
You headbutt the ogre! You hit the ogre but do no damage.
The ogre is moderately wounded.
The ogre hits you with a +0 giant spiked club!!
You hit the ogre.
The ogre is moderately wounded.
The ogre hits you with a +0 giant spiked club!!
You are too injured to fight recklessly!
You are too injured to fight recklessly!
You hit the ogre. You headbutt the ogre.
The ogre is severely wounded.
You barely miss the ogre.
The ogre is severely wounded.
The ogre barely misses you.
You barely miss the ogre.
The ogre is severely wounded.
The ogre hits you with a +0 giant spiked club!
* * * LOW HITPOINT WARNING * * *
You hit the ogre. Your headbutt misses the ogre.
The ogre is almost dead.
The ogre misses you.
You hit the ogre but do no damage.
The ogre is almost dead.
The ogre hits you with a +0 giant spiked club!
You die...

...#############
......#........####+##.#
........####............
.#......# #..........#
.#......# #..........#
.#...<..# #..........#
.'......# #..........##
##......####.........$..
.'..............@O....#
##.....#####.#'########
##.....#.....#.#
##.....#.#####..
##.....# #### ######## #
##+###########
#######............#
...................#


You could see an ogre.

Vanquished Creatures
  A black bear (D:4)
  An orc priest (D:3)
  2 orc wizards (D:3)
  5 adders
  5 dart slugs
  2 ribbon worms
  16 orcs
  4 ball pythons
  5 bats
  10 endoplasms
  6 giant cockroaches
  6 goblins
  12 hobgoblins
  2 jackals (D:2)
  2 quokkas
  5 frilled lizards
  10 kobolds
  5 rats
99 creatures vanquished.

Notes
Turn   | Place    | Note
-------+----------+-------------------------------------------
     0 | D:1      | wildpjah the Minotaur Fighter began the quest for the Orb.
     0 | D:1      | Reached XP level 1. HP: 19/19 MP: 0/0
    59 | D:1      | Found a faded altar of an unknown god.
    99 | D:1      | Prayed at the altar of an unknown god.
    99 | D:1      | Became a worshipper of Cheibriados the Contemplative
    99 | D:1      | Reached * piety under Cheibriados
   185 | D:1      | Reached XP level 2. HP: 24/27 MP: 1/1
   266 | D:1      | Reached ** piety under Cheibriados
   480 | D:1      | Reached XP level 3. HP: 33/33 MP: 2/2
  1370 | D:2      | Reached *** piety under Cheibriados
  1371 | D:2      | Reached XP level 4. HP: 40/40 MP: 3/3
  1419 | D:2      | Identified the +0 leather armour of Himp {SInv}
  1940 | D:3      | Found Aclav's Assorted Antiques.
  1967 | D:3      | Found an iron altar of Okawaru.
  2184 | D:3      | Reached XP level 5. HP: 45/46 MP: 4/4
  2261 | D:3      | Reached **** piety under Cheibriados
  2285 | D:3      | Reached skill level 5 in Armour
  2285 | D:3      | Reached skill level 1 in Dodging
  2810 | D:4      | Found a glowing golden altar of the Shining One.
  2839 | D:4      | Noticed a black bear
  2844 | D:4      | Killed a black bear
  2845 | D:4      | Reached skill level 5 in Axes
  2845 | D:4      | Reached XP level 6. HP: 53/53 MP: 5/5
  3000 | D:4      | Found a runed translucent gate.
  3001 | D:4      | Found a runed translucent gate.
  3003 | D:4      | Found a runed translucent gate.
  3004 | D:4      | Noticed AutarchDCSS's ghost (amateur TrSh)
  3194 | D:5      | Entered Level 5 of the Dungeon
  3347 | D:5      | Slain by an ogre

Illustrated notes

Levels and vault maps discovered:
D:1:      beargit_arrival_diablo_church, layout_basic, basic_ecumenical_altar,
          dreamdust_princess_bridge, dk_noncrumbling_3
D:2:      cheibrodos_greedy_goblins, layout_loops_corners,
          grunt_decor_one_mirror
D:3:      layout_basic, mainiacjoe_overflow_24_doors, serial_aquarium,
          aquarium_bridge_long_joined [aquarium_subvault_bridge,
          aquarium_subvault_bridge, aquarium_subvault_wall,
          aquarium_subvault_window, aquarium_subvault_wall,
          aquarium_subvault_bridge], aquarium_window_1, aquarium_window_fake,
          aquarium_view_2c, aquarium_view_2c, aquarium_balcony_1b, serial_shops,
          nicolae_shop_dealshenge
D:4:      layout_rooms, mainiacjoe_overflow_tiny_flanked, gammafunk_ghost_split
D:5:      layout_basic, grunt_temple_overflow_open, serial_bayou_pond_c

Skill      XL: |  1  2  3  4  5 |
---------------+----------------+-----
Armour         | 4 5 |  5.3
Shields        | 4 |  4.6
Axes           | 3 4 5 |  5.3
Fighting       | 4 |  4.6
Dodging        | 1 |  1.2
Throwing       | |  0.2
Stealth        | |  0.7

Action                     |  1- 3 |  4- 6 || total
---------------------------+-------+-------++-------
  Melee: War axe           |    73 |   115 ||   188
         Headbutt          |     7 |    10 ||    17
  Throw: Boomerang         |       |     4 ||     4
 Armour: Scale mail        |    50 |    90 ||   140
  Dodge: Dodged            |    38 |    49 ||    87
  Block: Buckler           |    20 |    23 ||    43
